Map: Jagannatha LE

Players

ThePretender

  • Race: Terran Terran
  • Spawn Location: 7:00

MarcoMan - Winner!

  • Race: Terran Terran
  • League: Master
  • Spawn Location: 1:00

VOD

Have the link to the VOD?

Description

Time

  • Played on: Jan. 18, 2021, 10:25 p.m.
  • Length: 22:07
Show
View Real Time Build Order
Export as new Build Order

ThePretender Terran 

Build Orders:  

Get SALT Encoding   

  12  0:00  SCV  
  13  0:12  SCV  
  14  0:21  Supply Depot  
  14  0:24  SCV  
  15  0:29  Refinery  
  15  0:44  Barracks  
  15  0:52  Refinery  
  15  0:56  SCV  
  16  1:09  Supply Depot, SCV  
  17  1:24  SCV  
  18  1:33  Reaper  
  19  1:40  Factory  
  19  1:48  Orbital Command  
  19  2:05  Reaper  
  20  2:13  SCV  
  21  2:24  Hellion  
  21  2:27  SCV  
  24  2:39  SCV  
  24  2:40  Reaper  
  26  2:45  Hellion  
  28  2:52  Command Center  
  28  2:55  SCV  
  29  3:08  Starport  
  29  3:09  Factory Tech Lab  
  29  3:17  SCV  
  29  3:18  Barracks Tech Lab  
  30  3:24  Supply Depot  
  30  3:30  SCV  
  31  3:37  Stimpack  
  31  3:46  SCV, Siege Tank  
  34  4:01  Starport Tech Lab  
  33  4:03  Marauder  
  33  4:04  Orbital Command  
  35  4:18  Siege Tank  
  35  4:23  Orbital Command  
  35  4:24  Supply Depot, Marauder  
  42  4:32  Engineering Bay  
  42  4:44  Raven  
  42  4:45  SCV  
  43  4:49  SCV  
  44  4:55  Marine  
  44  4:57  SCV  
  46  5:00  Supply Depot, Refinery  
  46  5:01  SCV  
  46  5:06  Missile Turret, Refinery  
  47  5:09  SCV  
  47  5:11  Missile Turret, Widow Mine  
  47  5:13  SCV  
  51  5:14  Marine  
  51  5:21  Barracks  
  52  5:24  Barracks  
  52  5:30  Viking  
  54  5:36  SCV x2  
  54  5:41  Siege Tank  
  59  5:48  SCV  
  59  5:49  SCV  
  61  5:52  Supply Depot  
  61  5:54  Terran Infantry Weapons Level 1  
  61  5:57  Combat Shield  
  61  6:02  SCV x2  
  44  6:25  SCV  
  44  6:26  SCV  
  44  6:27  Barracks Reactor  
  44  6:28  Barracks Reactor  
  44  6:29  Marauder  
  46  6:35  Raven  
  46  6:38  SCV x2  
  50  6:41  Supply Depot  
  50  6:50  SCV x2  
  52  6:55  Command Center  
  52  6:58  Marine  
  52  7:00  Supply Depot  
  53  7:02  SCV x2  
  53  7:04  Armory  
  53  7:07  Engineering Bay  
  55  7:09  Siege Tank  
  55  7:10  Marine  
  55  7:14  SCV x2  
  59  7:19  Missile Turret  
  53  7:41  SCV x2  
  53  7:42  Marine x5  
  53  7:43  Siege Tank  
  63  7:55  Supply Depot, SCV  
  63  7:56  SCV  
  65  8:02  Terran Infantry Armor Level 1  
  65  8:06  Terran Infantry Weapons Level 2  
  65  8:08  SCV  
  66  8:13  SCV  
  66  8:16  Marine x2  
  66  8:17  Marine  
  70  8:20  SCV  
  70  8:21  Missile Turret  
  70  8:22  Planetary Fortress  
  71  8:31  Terran Vehicle Weapons Level 1  
  71  8:36  Medivac, Starport  
  71  8:38  Marine x2  
  71  8:39  Marine x3  
  78  8:41  SCV  
  79  8:54  SCV x2  
  79  8:55  Refinery x2  
  81  8:56  Marine x4  
  81  8:57  Supply Depot x2  
  85  9:03  Barracks  
  85  9:06  SCV, Barracks  
  85  9:09  Siege Tank  
  89  9:10  Medivac  
  89  9:12  Starport Reactor  
  91  9:17  Fusion Core  
  91  9:27  SCV x3  
  92  9:32  Missile Turret  
  75  9:40  Viking  
  65  9:52  Viking x2  
  67  9:54  Marine x3  
  67  9:55  Barracks Reactor  
  67  9:57  Command Center  
  72  10:03  Siege Tank  
  72  10:06  Terran Infantry Armor Level 2  
  75  10:07  Marine x2  
  75  10:08  SCV, Barracks Tech Lab  
  75  10:10  SCV  
  79  10:19  Marine  
  79  10:20  Marine x2  
  82  10:25  Marine x2  
  82  10:27  Marine  
  85  10:28  Viking  
  85  10:31  Viking  
  89  10:37  Marine x2  
  89  10:38  Missile Turret  
  91  10:49  Terran Infantry Weapons Level 3  
  84  10:52  Concussive Shells  
  84  10:55  SCV x2  
  84  10:56  SCV  
  87  11:07  SCV  
  87  11:10  Viking  
  87  11:11  Viking  
  92  11:12  SCV x2  
  92  11:15  Orbital Command  
  92  11:17  Command Center  
  94  11:19  Missile Turret, SCV  
  95  11:27  SCV  
  95  11:28  SCV  
  95  11:30  Terran Ship Weapons Level 1  
  95  11:32  SCV  
  98  11:38  Supply Depot  
  98  11:39  SCV  
  99  11:40  SCV  
  99  11:44  SCV x2  
  99  11:46  Missile Turret, Marine  
  99  11:47  Marauder, Marine x4  
  103  11:52  Sensor Tower  
  109  12:06  Armory  
  106  12:15  Refinery  
  106  12:17  Missile Turret  
  106  12:18  Refinery  
  106  12:19  SCV x4  
  110  12:28  Missile Turret  
  110  12:29  Missile Turret  
  110  12:31  SCV x2  
  110  12:32  Viking x3  
  110  12:35  Weapon Refit  
  118  12:37  Marine x4  
  118  12:39  Missile Turret  
  118  12:43  Planetary Fortress  
  122  12:45  SCV x3  
  122  12:46  SCV  
  126  12:52  Missile Turret  
  126  12:57  SCV x2, Refinery  
  128  12:58  Refinery  
  128  13:15  Viking x3  
  134  13:25  Terran Ship Weapons Level 2  
  134  13:26  Terran Vehicle And Ship Armor Level 1  
  134  13:29  Thor  
  134  13:32  Armory  
  134  13:33  Terran Infantry Armor Level 3  
  134  13:34  Marine x8  
  148  13:42  SCV x2  
  148  13:43  SCV x2  
  148  13:45  Viking  
  154  13:50  Hi-Sec Auto Tracking  
  154  13:51  Marine  
  154  13:53  SCV, Battlecruiser  
  154  13:54  SCV x2  
  164  14:10  Command Center  
  153  14:38  Terran Vehicle Weapons Level 2  
  153  14:44  Starport  
  152  14:45  Starport  
  152  14:55  Missile Turret, SCV x5  
  152  14:59  Missile Turret x2  
  158  15:07  SCV x4  
  158  15:09  Neosteel Armor  
  158  15:10  Viking x2  
  158  15:12  Battlecruiser  
  171  15:16  Missile Turret  
  171  15:20  Missile Turret  
  171  15:22  SCV x2  
  171  15:25  Planetary Fortress  
  173  15:28  Missile Turret  
  173  15:29  Missile Turret  
  173  15:30  Missile Turret  
  173  15:32  Missile Turret  
  173  15:37  Starport Tech Lab x2  
  173  15:40  Viking  
  173  15:41  Terran Vehicle And Ship Armor Level 2  
  173  15:42  Terran Ship Weapons Level 3  
  175  15:45  Starport  
  175  15:51  Missile Turret, Starport  
  175  15:52  Missile Turret  
  175  15:57  Missile Turret  
  175  15:59  Refinery  
  175  16:01  Refinery  
  181  16:04  Battlecruiser  
  181  16:06  Viking  
  181  16:10  Battlecruiser  
  189  16:12  Missile Turret  
  189  16:13  Command Center  
  189  16:14  Missile Turret, Supply Depot  
  189  16:15  Supply Depot x2  
  189  16:16  Battlecruiser  
  189  16:17  Missile Turret, SCV x2  
  189  16:18  SCV  
  197  16:34  Missile Turret  
  197  16:57  Terran Vehicle Weapons Level 3  
  157  17:16  Liberator, Viking  
  157  17:17  Marine, Liberator x3  
  157  17:18  Marine x7  
  157  17:19  Viking  
  157  17:20  Viking  
  153  17:35  Marine  
  153  17:36  Marine x7  
  130  17:46  Viking  
  130  17:49  Viking  
  130  17:50  Battlecruiser  
  133  17:53  Marine  
  133  17:54  Marine x6  
  128  18:00  Battlecruiser  
  128  18:04  Liberator, Viking x2  
  131  18:08  Marine  
  131  18:11  Marine x4  
  131  18:12  Marine  
  127  18:16  Liberator  
  127  18:19  Battlecruiser, Marine x2  
  131  18:26  Marine  
  128  18:29  Marine x5  
  128  18:34  Liberator  
  133  18:37  Marine x2  
  133  18:39  Barracks  
  138  18:41  Barracks  
  138  18:42  Barracks  
  138  18:44  Marine  
  138  18:47  Marine x4  
  144  18:49  Starport Tech Lab  
  144  18:50  Starport Tech Lab  
  144  18:54  Battlecruiser  
  150  18:58  Terran Vehicle And Ship Armor Level 3, Marine  
  150  18:59  Marine  
  150  19:01  Marine  
  150  19:02  Marine  
  153  19:04  Battlecruiser, Marine  
  153  19:05  Marine x2  
  162  19:13  Battlecruiser  
  162  19:16  Marine  
  169  19:17  Marine  
  169  19:19  Marine  
  169  19:20  Marine  
  169  19:22  Marine  
  172  19:36  Missile Turret  
  172  19:37  Missile Turret  
  168  19:40  Missile Turret  
  168  19:46  Marine  
  168  19:47  Missile Turret, Marine x9  
  168  19:48  Missile Turret, Battlecruiser  
  168  19:49  Missile Turret x2  
  168  19:51  Missile Turret  
  184  19:59  Battlecruiser  
  187  20:01  Viking x3  
  187  20:04  Marine  
  187  20:05  Marine x2  
  196  20:09  Command Center  
  196  20:25  Missile Turret x2  
  196  20:27  Missile Turret  
  196  20:28  Missile Turret  
  148  20:54  Battlecruiser x3, Viking x2, Starport Reactor  
  148  20:56  Marine x3  
  166  21:03  Battlecruiser  
  169  21:08  Marine x7  
  176  21:14  Marine x3  
  179  21:24  Viking x2  
  168  21:34  Marine  
  168  21:35  Marine x9  
Show
View Real Time Build Order
Export as new Build Order

MarcoMan Terran - Winner!

Build Orders: 2 Factory, Gas First Reaper Expand 

Get SALT Encoding   

  12  0:06  SCV  
  13  0:18  SCV  
  14  0:24  Supply Depot  
  14  0:26  Refinery  
  14  0:31  SCV  
  15  0:45  SCV  
  16  0:50  Barracks  
  16  0:59  SCV  
  17  1:11  SCV  
  18  1:23  SCV  
  19  1:38  Reaper  
  20  1:43  Command Center  
  20  1:56  Factory  
  20  2:10  Supply Depot, Reaper  
  21  2:19  Refinery  
  21  2:26  Orbital Command  
  21  2:39  Hellion  
  23  2:46  Barracks Tech Lab  
  23  2:58  Orbital Command  
  23  3:13  Cyclone  
  23  3:19  SCV, Factory  
  27  3:21  Barracks Tech Lab  
  27  3:24  SCV  
  26  3:31  SCV  
  25  3:44  SCV  
  25  3:45  Cyclone  
  29  3:52  Orbital Command  
  29  3:56  SCV  
  30  4:13  Siege Tank  
  33  4:22  Siege Tank  
  36  4:27  SCV x2  
  38  4:35  Barracks Reactor  
  38  4:39  SCV x2, Refinery  
  38  4:43  Supply Depot  
  38  4:44  Supply Depot  
  40  4:51  SCV x2  
  42  5:03  SCV x2  
  42  5:06  Supply Depot  
  44  5:13  Engineering Bay  
  44  5:15  SCV  
  44  5:16  SCV, Starport  
  44  5:19  Siege Tank  
  49  5:27  SCV  
  49  5:28  SCV  
  51  5:30  Refinery  
  51  5:36  Siege Tank  
  51  5:40  SCV x2  
  51  5:42  Command Center  
  56  5:46  Missile Turret  
  56  5:48  Sensor Tower  
  56  5:50  Missile Turret  
  56  5:52  SCV x2  
  56  5:56  Liberator  
  61  6:04  SCV x2  
  60  6:16  SCV x2  
  50  6:27  Siege Tank x2  
  56  6:41  Missile Turret  
  56  6:53  Viking x2  
  60  6:55  SCV x2  
  62  7:03  Orbital Command  
  62  7:04  Siege Tank  
  65  7:16  SCV  
  66  7:23  Viking  
  66  7:28  SCV x2  
  70  7:36  Viking  
  75  7:37  Siege Tank  
  75  7:41  Siege Tank  
  78  7:44  Supply Depot  
  78  7:50  Orbital Command  
  78  7:53  Missile Turret  
  78  8:07  Supply Depot  
  78  8:09  Missile Turret, Refinery, Siege Tank  
  78  8:12  Refinery  
  81  8:13  Siege Tank  
  81  8:14  Missile Turret  
  81  8:15  SCV x2  
  86  8:26  SCV  
  87  8:29  Missile Turret  
  87  8:31  Supply Depot  
  87  8:34  Missile Turret  
  87  8:40  Sensor Tower  
  87  8:41  Viking, Siege Tank  
  92  8:45  SCV  
  92  8:46  SCV  
  92  8:47  SCV  
  95  8:50  Missile Turret  
  95  8:51  Supply Depot  
  95  8:54  Missile Turret  
  95  8:58  SCV x2  
  97  9:04  Supply Depot  
  97  9:14  Missile Turret  
  97  9:15  Supply Depot  
  97  9:17  Armory x2  
  97  9:19  Command Center  
  97  9:21  Armory  
  94  9:49  SCV x3  
  97  10:00  Viking x2  
  97  10:01  SCV x3  
  104  10:10  Terran Vehicle And Ship Armor Level 1, Terran Vehicle Weapons Level 1  
  104  10:11  Terran Ship Weapons Level 1  
  104  10:13  SCV x3  
  107  10:14  Supply Depot, Refinery  
  107  10:16  Siege Tank x2  
  113  10:22  Refinery  
  113  10:25  Missile Turret x2, SCV x2  
  113  10:26  Missile Turret  
  115  10:30  Viking x2  
  119  10:48  Siege Tank x2  
  125  10:54  Missile Turret  
  125  11:09  Orbital Command, Starport  
  125  11:10  Starport  
  125  11:14  Missile Turret  
  125  11:20  Siege Tank  
  125  11:24  Siege Tank  
  131  11:30  Fusion Core  
  131  11:34  Missile Turret  
  131  11:39  Command Center  
  131  11:46  Starport Tech Lab x2  
  131  11:49  Starport  
  131  11:52  Siege Tank  
  134  11:56  Missile Turret  
  134  12:06  Terran Vehicle Weapons Level 2, Terran Vehicle And Ship Armor Level 2, Terran Ship Weapons Level 2  
  134  12:19  Weapon Refit  
  134  12:22  Battlecruiser x2  
  146  12:37  Command Center  
  146  12:39  Supply Depot, Starport Tech Lab  
  146  12:41  Command Center  
  146  12:57  Command Center  
  146  13:26  Battlecruiser x2  
  158  13:42  Sensor Tower  
  158  13:43  Missile Turret  
  158  13:44  Viking x2  
  158  13:45  Missile Turret x2  
  162  14:00  Battlecruiser  
  168  14:05  Refinery  
  168  14:07  Refinery  
  168  14:14  Viking  
  170  14:30  Battlecruiser x2  
  181  14:38  Viking  
  183  14:44  Viking  
  185  14:48  Orbital Command  
  185  14:50  Orbital Command x2  
  185  15:04  Battlecruiser  
  191  15:07  Sensor Tower  
  191  15:34  Battlecruiser  
  191  15:35  Refinery  
  197  15:43  Missile Turret, Orbital Command  
  197  15:44  Missile Turret  
  197  15:47  Missile Turret  
  197  15:48  Missile Turret  
  197  15:50  Command Center  
  197  15:53  Refinery  
  197  16:03  Missile Turret  
  197  16:06  Missile Turret  
  197  16:11  Missile Turret  
  197  16:12  Terran Vehicle Weapons Level 3, Terran Vehicle And Ship Armor Level 3  
  197  16:13  Terran Ship Weapons Level 3  
  197  16:26  Missile Turret  
  197  17:07  Missile Turret  
  156  17:25  Viking x3  
  156  17:26  Battlecruiser x2  
  156  17:28  Missile Turret  
  148  17:45  Siege Tank x2  
  148  17:47  Missile Turret  
  148  17:48  Planetary Fortress  
  154  17:55  Battlecruiser  
  154  18:07  Missile Turret  
  154  18:09  Viking  
  156  18:17  Siege Tank  
  153  18:29  Missile Turret  
  153  18:30  Battlecruiser  
  153  18:31  Battlecruiser  
  153  18:48  Missile Turret  
  153  19:00  Battlecruiser  
  153  19:01  Viking  
  161  19:08  Missile Turret  
  161  19:19  Command Center  
  161  19:35  Battlecruiser x2  
  173  19:50  Viking x2  
  177  20:04  Battlecruiser  
  182  20:20  Viking x2  
  186  20:39  Battlecruiser x2  
  180  20:58  Refinery  
  186  21:25  Command Center  
Tags
 
Add a new tag
Caveats
  • Supply blocks, unpowered buildings, or Contaminate may cause inaccurate times.
  • Supply counts are checked every 10 seconds.